 Dungeon Crawl Stone Soup version 0.19-a0-277-g85cb9a5 (webtiles) character file.

219046 ololoev the Bewitcher (level 18, -4/88 HPs)
             Began as a Spriggan Enchanter on May 26, 2016.
             Was a High Priest of Dithmenos.
             Killed from afar by a balrug (29 damage)
             ... with a fireball
             ... in Pandemonium.
             The game lasted 02:33:18 (37837 turns).

ololoev the Bewitcher (Spriggan Enchanter)         Turns: 37837, Time: 02:33:20

Health: -4/88      AC: 10    Str:  6 (9)  XL:     18   Next: 43%
Magic:  36/47      EV: 40    Int: 19 (21) God:    Dithmenos [*****.]
Gold:   698        SH:  8    Dex: 17      Spells: 7 memorised, 26 levels left

rFire  . . .     SeeInvis +     a - +2 dagger (speed)
rCold  + . .     Gourm    .     P - +1 troll leather armour
rNeg   . . .     Faith    .     c - +1 buckler {AC+3}
rPois  .         Spirit   .     s - +0 hat of the Bruised Moons {MP+9}
rElec  +         Dismiss  .     t - +0 cloak
rCorr  .         Reflect  .     (gloves unavailable)
SustAt .         Harm     .     (boots unavailable)
MR     +++..                    V - amulet of the Air {Inacc +Fly rElec EV+5 RMsl}
Stlth  ++++++++++               K - ring of protection from cold
                                p - +6 ring of evasion

@: very slightly contaminated, regenerating (expiring), wreathed by umbra, repel
missiles, very quick, extremely resistant to hostile enchantments, uncannily
stealthy
A: unfitting armour, see invisible, clever 1, deterioration 1, herbivore 3,
speed 3, slow metabolism 2
a: Shadow Step, Shadow Form, Renounce Religion, Evoke Flight
}: 1/15 runes: dark


Innate Abilities, Weirdness & Mutations

You are tiny and cannot use many weapons and most armour.
You have supernaturally acute eyesight. (SInv)
You are a herbivore.
You cover ground extremely quickly.
You need consume almost no food.
Your mind is acute. (Int +2)
Your body sometimes deteriorates upon taking damage.

Inventory:

Hand Weapons
 a - a +2 dagger of speed (weapon)
 C - the cursed +3 great sword "Lifer" {vamp, +Inv rPois rC+ Stlth-, unknown}
   (You found it on level 5 of the Dungeon)

   It inflicts no extra harm, but heals its wielder somewhat when it strikes a
   living foe.
   It protects you from cold.
   It protects you from poison.
   It lets you turn invisible.
   It makes you less stealthy.
   It has a curse placed upon it.
Armour
 c - a +1 buckler of protection (worn)
 s - the +0 hat of the Bruised Moons (worn) {MP+9}
   (You acquired it on level 5 of the Depths)

   It affects your magic capacity (+9).
 t - a +0 cloak (worn)
 P - a +1 troll leather armour (worn)
Jewellery
 p - a +6 ring of evasion (left hand)
 K - a ring of protection from cold (right hand)
 V - the amulet of the Air (around neck) {Inacc +Fly rElec EV+5 RMsl}
   (You bought it in a shop on level 14 of the Dungeon)

   [amulet of inaccuracy]

   It reduces the accuracy of all your attacks.
   It affects your evasion (+5).
   It insulates you from electricity.
   It lets you fly.
   It protects you from missiles.
 W - an uncursed amulet of magic regeneration
Wands
 o - a wand of disintegration (10/24)
 y - a wand of hasting (1/9)
 B - a wand of teleportation (5/9)
 S - a wand of digging (7/24)
Scrolls
 h - a scroll of summoning {unknown}
 j - 16 scrolls of remove curse
 n - a scroll of blinking
 q - 2 scrolls of fog
 u - a scroll of fear
 v - 3 scrolls of recharging
 x - 2 scrolls of amnesia
 I - a scroll of vulnerability {unknown}
 U - a scroll of torment {unknown}
Potions
 b - 4 potions of flight
 e - 6 potions of curing
 f - 2 potions of might
 g - 4 potions of haste
 i - 4 potions of agility
 l - 3 potions of ambrosia
 m - 3 potions of heal wounds
 z - 2 potions of brilliance
 A - 2 potions of resistance
 D - 4 potions of cancellation
 E - 2 potions of cure mutation
 H - 2 potions of invisibility
 Q - 2 potions of magic {unknown}
Books
 F - a book of the Sky

   Spells                             Type                      Level
   a - Summon Lightning Spire         Summoning/Air                4
   b - Airstrike                      Air                          4
   c - Silence                        Hexes/Air                    5
   d - Deflect Missiles               Charms/Air                   6
   e - Conjure Ball Lightning         Conjuration/Air              6
   f - Tornado                        Air                          9
 J - a book of Death

   Spells                             Type                      Level
   a - Corpse Rot                     Necromancy                   2
   b - Sublimation of Blood           Necromancy                   2
   c - Agony                          Necromancy                   5
   d - Dispel Undead                  Necromancy                   5
   e - Excruciating Wounds            Charms/Necromancy            5
   f - Bolt of Draining               Conjuration/Necromancy       5
Miscellaneous
 r - a phial of floods
 w - a legendary deck of summoning {drawn: 6}
 G - a fan of gales
Comestibles
 d - 14 bread rations
 M - 7 fruits


   Skills:
 * Level 7.5 Fighting
 - Level 16.4 Short Blades
 - Level 7.7 Armour
 - Level 15.1 Dodging
 - Level 15.4 Stealth
 * Level 4.9 Shields
 + Level 15.1 Spellcasting
 - Level 16.7 Hexes
 + Level 6.0 Charms
 + Level 5.9 Translocations
 - Level 10.6 Invocations


You had 26 spell levels left. You knew the following spells: Your Spells Type Power Failure Level Hunger a - Summon Mana Viper Hex/Summ #####... 10% 5 ###.... b - Ensorcelled Hibernat Hex/Ice #####. 1% 2 None c - Confuse Hex ######.. 1% 3 None d - Tukima's Dance Hex ######.. 1% 3 None f - Blink Tloc N/A 1% 2 None q - Regeneration Chrm/Necr ####...... 10% 3 None s - Dazzling Spray Conj/Hex #####. 1% 3 None You were in Pandemonium. You worshipped Dithmenos. Dithmenos was extremely pleased with you. You were full. You visited 3 branches of the dungeon, and saw 21 of its levels. You visited Pandemonium 1 time, and saw 10 of its levels. You visited 1 bazaar. You collected 2727 gold pieces. You spent 2029 gold pieces at shops. #.....##...## #.....'.....# ####...2##.....# #.......#.......# #......##.......# #......###.....## #.....## #.....+ #.....# ##...## #....@# ...# ###...# #...# #...# #...# #...# ....# .....#

Notes
Turn   | Place    | Note
--------------------------------------------------------------
     0 | D:1      | ololoev the Spriggan Enchanter began the quest for the Orb.
     0 | D:1      | Reached XP level 1. HP: 9/9 MP: 5/5
     2 | D:1      | Noticed a human
     4 | D:1      | Noticed an octopode
     4 | D:1      | Noticed a demonspawn
     6 | D:1      | Noticed a dwarf
     8 | D:1      | Noticed a naga
    10 | D:1      | Noticed a halfling
    10 | D:1      | Noticed a felid
    12 | D:1      | Noticed a spriggan
    12 | D:1      | Noticed a troll
    14 | D:1      | Noticed a demigod
    14 | D:1      | Noticed a gargoyle
    16 | D:1      | Noticed a minotaur
    16 | D:1      | Noticed a tengu
    18 | D:1      | Noticed a vine stalker
    20 | D:1      | Noticed a ghoul
    20 | D:1      | Noticed a vampire
    22 | D:1      | Noticed an ogre
    22 | D:1      | Noticed an elf
    24 | D:1      | Noticed a formicid
    24 | D:1      | Noticed a draconian
    26 | D:1      | Noticed a centaur
    26 | D:1      | Noticed a merfolk
    75 | D:1      | DEFE: А ты все дупзы хочешь?
    76 | D:1      | ololoev: дип эльфом думал спидран еще раз попробовать
    76 | D:1      | DEFE: а
    76 | D:1      | ololoev: прыгуном дупз
    76 | D:1      | DEFE: я вот не понимаю
    76 | D:1      | DEFE: как касетрами спидраны делать
    76 | D:1      | ololoev: ну там гаргульей или хиллорком или монотавроп можно дупз или духз делать
    76 | D:1      | ololoev: ну типа дефе^сиф, ману качаешь и кидаешься файерболами
    76 | D:1      | ololoev: нонстоп
    87 | D:1      | ololoev: у меня такай теория что это должно быть быстро
    87 | D:1      | ololoev: я к ней пришел когда пробивался сквозь слои засаммоненой швали в адах
    87 | D:1      | ololoev: даже с топором куча времени уходить чтобы это все расчистить
    87 | D:1      | ololoev: а тут включил торнадо и идешь себе к лестнице
   172 | D:1      | Reached XP level 2. HP: 13/13 MP: 6/6
   176 | D:1      | Learned a level 2 spell: Ensorcelled Hibernation
   658 | D:1      | DEFE: Да
   658 | D:1      | Reached XP level 3. HP: 16/16 MP: 8/8
   689 | D:1      | DEFE: Торнадо наверное даже быстрее клинсинг фаера
   718 | D:1      | DEFE: т.к. можно двигаться во время удара
   811 | D:1      | DEFE: а вот смотри
   811 | D:1      | ololoev: да и если повезет на ченнел, то можно кинуть сифу ради хлеба
   811 | D:1      | DEFE: можно же редактировать, то что пишет кравл в морг
   811 | D:1      | ololoev: это будет дикий нонстоп
   811 | D:1      | ololoev: да, у меня морг перенастроен
   828 | D:2      | DEFE: нельзя ли сделать так, что бы в морг писалось разброска по аутам
   832 | D:1      | DEFE: на все акшены или типы акшенов
   835 | D:1      | DEFE: тогда можно посмотреть куда турны уходят
   835 | D:1      | ololoev: типа аут 1.0 я пошел вверх, аут 7.3 я ударил мышку и т.д?
   835 | D:1      | DEFE: просто статистику вести, находить новый способы спидранства
   835 | D:1      | DEFE: не не
   835 | D:1      | ololoev: или в общем 2000 аутов на удары
   835 | D:1      | ololoev: типа того?
   835 | D:1      | DEFE: да
   835 | D:1      | DEFE: тольно не аутов
   835 | D:1      | DEFE: а турнов
   835 | D:1      | ololoev: там ходы считаются
   835 | D:1      | DEFE: ауты не интересны
   835 | D:1      | ololoev: по пушкам
   835 | D:1      | DEFE: да
   835 | D:1      | DEFE: но еще посчитать сколько стоял на месте
   835 | D:1      | DEFE: сколькотратил на шаги
   835 | D:1      | ololoev: а остальное это хил и ходьба
   835 | D:1      | DEFE: сколько на касты
   835 | D:1      | ololoev: касты тоже считаются
   835 | D:1      | ololoev: отхил и ходьбу надо отделять по идее
   835 | D:1      | DEFE: вот да
   835 | D:1      | DEFE: сколько на еду ушло
   835 | D:1      | DEFE: 3 аута за чанк все же
   835 | D:1      | DEFE: но 1 турн с другой стороны
   835 | D:1      | DEFE: f ytn
   835 | D:1      | DEFE: а нет
   835 | D:1      | DEFE: 3 турна
   835 | D:1      | DEFE: за чанк
   835 | D:1      | DEFE: а не 3 аута
   835 | D:1      | ololoev: хз, по идее можно кустарную считалку написать, которая будет каждые 100 турнов, потраченные на стояние и хил, писать в лог
   835 | D:1      | ololoev: то есть точно ты не замеришь, но в зависимости от того как ты готов засорять лог, можно сделать примерный подсчет
   891 | D:2      | Learned a level 3 spell: Confuse
  1250 | D:2      | Reached skill level 5 in Stealth
  1279 | D:2      | Noticed Sigmund
  1289 | D:2      | Killed Sigmund
  1289 | D:2      | Reached XP level 4. HP: 21/21 MP: 2/11
  1289 | D:2      | Reached XP level 5. HP: 24/24 MP: 2/12
  1861 | D:3      | Noticed no0bjke's ghost (novice TrMo)
  2341 | D:2      | Reached XP level 6. HP: 28/28 MP: 14/14
  2783 | D:3      | Reached skill level 5 in Hexes
  3322 | D:4      | Reached skill level 5 in Spellcasting
  4059 | D:4      | Reached XP level 7. HP: 32/32 MP: 16/16
  4605 | D:3      | Killed no0bjke's ghost
  4605 | D:3      | Reached skill level 5 in Short Blades
  4605 | D:3      | Reached skill level 5 in Dodging
  4605 | D:3      | Reached XP level 8. HP: 23/36 MP: 13/18
  4863 | D:5      | Entered Level 5 of the Dungeon
  4877 | D:5      | Got a sapphire great sword
  4952 | D:5      | Found a burning altar of Makhleb.
  4952 | D:5      | Noticed a green death
  5376 | D:5      | Noticed Yermak's ghost (amateur OgAE)
  5394 | D:5      | Killed Yermak's ghost
  5773 | D:5      | Found a white marble altar of Elyvilon.
  5784 | D:5      | Found a hazy altar of Hepliaklqana.
  5987 | D:6      | Noticed Dowan
  5989 | D:6      | Noticed Duvessa
  6001 | D:6      | Killed Duvessa
  6011 | D:6      | Killed Dowan
  6682 | D:7      | Found a staircase to the Ecumenical Temple.
  6695 | Temple   | Entered the Ecumenical Temple
  6787 | Temple   | Became a worshipper of Dithmenos the Shadowed
  6900 | D:7      | Reached XP level 9. HP: 31/39 MP: 12/21
  7130 | D:7      | Learned a level 3 spell: Tukima's Dance
  7166 | D:7      | Learned a level 3 spell: Dazzling Spray
  7548 | D:7      | Reached skill level 1 in Invocations
  7788 | D:8      | Reached * piety under Dithmenos
  8200 | D:8      | Found a staircase to the Lair.
  8401 | D:8      | Found a white marble altar of Elyvilon.
  8487 | D:8      | Noticed Joseph
  8494 | D:8      | Killed Joseph
  8519 | D:8      | Noticed Prince Ribbit
  8526 | D:8      | Killed Prince Ribbit
  8581 | D:8      | Reached XP level 10. HP: 44/44 MP: 17/24
  8929 | D:9      | Reached ** piety under Dithmenos
  9007 | D:9      | Noticed a hill giant
  9015 | D:9      | Killed a hill giant
  9303 | D:9      | Found a staircase to the Orcish Mines.
  9614 | D:9      | Found a hide-covered altar to Ukayaw.
  9615 | D:9      | Found a snail-covered altar of Cheibriados.
  9660 | D:9      | Reached *** piety under Dithmenos
  9762 | D:10     | Entered Level 10 of the Dungeon
  9808 | D:10     | Reached skill level 1 in Armour
  9839 | D:9      | Reached skill level 10 in Hexes
 10173 | D:10     | Noticed a hill giant
 10181 | D:10     | Killed a hill giant
 10193 | D:10     | Noticed an unseen horror
 10199 | D:10     | Killed an unseen horror
 10375 | D:10     | Reached XP level 11. HP: 47/47 MP: 25/25
 10442 | D:10     | Reached skill level 10 in Spellcasting
 10507 | D:10     | Found Eduuju's Antique Weapon Emporium.
 10656 | D:11     | Noticed a hill giant
 10665 | D:11     | Killed a hill giant
 10665 | D:11     | Reached skill level 10 in Stealth
 11340 | D:11     | Reached **** piety under Dithmenos
 11721 | D:12     | Noticed Snorg
 11721 | D:12     | Noticed a five-headed hydra
 11723 | D:12     | Killed Snorg
 11723 | D:12     | Reached skill level 10 in Short Blades
 11723 | D:12     | Reached skill level 5 in Invocations
 11753 | D:12     | DEFE: лол нож сприггана
 11753 | D:12     | DEFE: и боты ассасина
 11761 | D:12     | DEFE: я сегодня стаббер
 11764 | D:12     | ololoev: удачно
 11764 | D:12     | ololoev: правда боты для ножа не особо полезны
 12097 | D:13     | ololoev: такс
 12097 | D:13     | ololoev: цекугоб!
 12168 | D:13     | Found Utamm's Assorted Antiques.
 12176 | D:13     | Bought a scroll of identify for 76 gold pieces
 12176 | D:13     | Bought a scroll of identify for 76 gold pieces
 12176 | D:13     | Bought a curved lead wand for 152 gold pieces
 12445 | D:13     | Reached XP level 12. HP: 51/51 MP: 27/27
 12572 | D:13     | Reached skill level 10 in Dodging
 12739 | D:13     | Noticed a centaur warrior
 12741 | D:13     | Killed a centaur warrior
 12937 | D:13     | Noticed a tengu warrior
 12945 | D:13     | Killed a tengu warrior
 13137 | D:14     | Noticed Frances
 13145 | D:14     | Killed Frances
 13193 | D:14     | Noticed Sonja
 13223 | D:14     | Killed Sonja
 13446 | D:14     | Noticed ololoev's ghost (journeyman SpEn)
 13466 | D:14     | Killed ololoev's ghost
 13751 | D:14     | Noticed a centaur warrior
 13798 | D:14     | Killed a centaur warrior
 14065 | D:14     | Noticed Azrael
 14065 | D:14     | Reached XP level 13. HP: 55/55 MP: 23/29
 14067 | D:14     | Reached ***** piety under Dithmenos
 14918 | D:14     | Found Edicwin's Jewellery Boutique.
 14925 | D:14     | Killed Azrael
 14941 | D:14     | Bought the amulet of the Air {Inacc +Fly rElec EV+5 RMsl} for 666 gold pieces
 15060 | D:14     | Found a gate to the Vaults.
 15166 | D:14     | Noticed Kirke
 15219 | D:14     | Killed Kirke
 15501 | D:15     | Entered Level 15 of the Dungeon
 15657 | D:15     | DEFE: Некра классная
 15658 | D:15     | Found a staircase to the Depths.
 15662 | D:15     | DEFE: Встретил призрака
 15665 | D:15     | DEFE: законтролил
 15690 | D:15     | DEFE: он снес грума и его команду
 15690 | D:15     | DEFE: а потом задиспеллил его
 15690 | D:15     | ololoev: я так артифайсером заэнслейвил гриндера, тот подрался с плеер гостом, потом я добил выжившего
 16186 | Depths:1 | Entered Level 1 of the Depths
 16199 | Depths:1 | DEFE: ол
 16205 | Depths:1 | Noticed a spark wasp
 16206 | Depths:1 | DEFE: что там по резистам?
 16206 | Depths:1 | ololoev: ничего
 16206 | Depths:1 | ololoev: релек
 16206 | Depths:1 | DEFE: ну хоть пчела не страшна
 16206 | Depths:1 | ololoev: можно 4ЕВ свапнуть на рС
 16206 | Depths:1 | DEFE: нужно
 16206 | Depths:1 | ololoev: пчела и физом навалять может
 16206 | Depths:1 | Noticed a spark wasp
 16206 | Depths:1 | Noticed a spark wasp
 16206 | Depths:1 | Noticed a spark wasp
 16207 | Depths:1 | Killed a spark wasp
 16222 | Depths:1 | Killed a spark wasp
 16232 | Depths:1 | Killed a spark wasp
 16235 | Depths:1 | Killed a spark wasp
 16255 | Depths:1 | ololoev: ура
 16255 | Depths:1 | ololoev: в прошлый раз моя встреча с пчелами окончилась плачевно
 16255 | Depths:1 | ololoev: я вот все думаю
 16255 | Depths:1 | ololoev: можно амулет воздуха поменя на цекугоб
 16255 | Depths:1 | ololoev: будет рН++ и рпойз вместо 4ЕВ и репела
 16255 | Depths:1 | ololoev: но -теле, придется снимать если что
 16431 | Depths:1 | Reached skill level 5 in Armour
 16442 | Depths:1 | Reached XP level 14. HP: 59/59 MP: 14/30
 16449 | Depths:1 | DEFE: Шторм дракон
 16449 | Depths:1 | DEFE: на д10
 16449 | Depths:1 | DEFE: я думал так не бывает
 16449 | Depths:1 | ololoev: у меня периодически в данже попадается
 16566 | Depths:1 | Found a runed door.
 16568 | Depths:1 | Found a gateway to Hell.
 16687 | Depths:1 | Noticed a white very ugly thing
 16689 | Depths:1 | Noticed a white very ugly thing
 16715 | Depths:1 | Killed a white very ugly thing
 16728 | Depths:1 | Noticed a white very ugly thing
 16735 | Depths:1 | Noticed a white very ugly thing
 16742 | Depths:1 | Noticed a fire giant
 16752 | Depths:1 | Killed a white very ugly thing
 16833 | Depths:1 | Noticed a stone giant
 16849 | Depths:1 | Killed a stone giant
 16854 | Depths:1 | Noticed a titan
 16855 | Depths:1 | Noticed a titan
 16952 | Depths:1 | Noticed a stone giant
 16986 | Depths:1 | Killed a stone giant
 17357 | Depths:1 | Noticed a stone giant
 17623 | Depths:1 | Killed a fire giant
 18122 | Depths:1 | Killed a stone giant
 18122 | Depths:1 | Reached skill level 15 in Hexes
 18130 | Depths:1 | Found a one-way gate leading to the halls of Pandemonium.
 18466 | Depths:1 | Noticed a stone giant
 18922 | Depths:1 | Killed a brown very ugly thing
 19063 | Depths:1 | Killed a brown very ugly thing
 19167 | Depths:2 | Found a gateway to a ziggurat.
 19382 | Depths:2 | Found a flickering gateway to a bazaar.
 19387 | Bazaar   | Entered a bazaar
 19401 | Bazaar   | Found Tuclar's Distillery.
 19405 | Bazaar   | Bought a potion of mutation for 22 gold pieces
 19430 | Bazaar   | Found Intaum's Distillery.
 19434 | Bazaar   | Bought a potion of brilliance for 60 gold pieces
 19444 | Bazaar   | Found Nieval's Gadget Emporium.
 19464 | Bazaar   | Found Ziaqoh's Gadget Emporium.
 19474 | Bazaar   | Bought a legendary deck of summoning for 260 gold pieces
 19494 | Bazaar   | Bought a wand of teleportation (6/9) for 360 gold pieces
 19538 | Bazaar   | Bought a potion of heal wounds for 45 gold pieces
 19598 | Depths:2 | Reached XP level 15. HP: 63/63 MP: 32/32
 20263 | Depths:2 | Found a corrupted altar of Lugonu.
 20263 | Depths:2 | Found a one-way gate to the infinite horrors of the Abyss.
 20264 | Depths:2 | Gained mutation: Armour fits poorly on your strangely shaped body. [potion of mutation]
 20264 | Depths:2 | Gained mutation: You are weak. (Str -2) [potion of mutation]
 20264 | Depths:2 | Gained mutation: You occasionally shout uncontrollably at your foes. [potion of mutation]
 20265 | Depths:2 | Lost mutation: You occasionally shout uncontrollably at your foes. [potion of cure mutation]
 20265 | Depths:2 | Lost mutation: You are weak. (Str -2) [potion of cure mutation]
 20265 | Depths:2 | Lost mutation: Armour fits poorly on your strangely shaped body. [potion of cure mutation]
 20266 | Depths:2 | Gained mutation: Your spells are a little easier to cast, but a little less powerful. [potion of mutation]
 20266 | Depths:2 | Gained mutation: You expend magic power (3 MP) to strengthen your wands. [potion of mutation]
 20266 | Depths:2 | Gained mutation: You evolve. [potion of mutation]
 20267 | Depths:2 | DEFE: Некрономикон нашел
 20267 | Depths:2 | Lost mutation: You expend magic power (3 MP) to strengthen your wands. [potion of cure mutation]
 20267 | Depths:2 | Lost mutation: Your spells are a little easier to cast, but a little less powerful. [potion of cure mutation]
 20267 | Depths:2 | Lost mutation: You evolve. [potion of cure mutation]
 20268 | Depths:2 | DEFE: осталось найти квикблейд
 20268 | Depths:2 | DEFE: и мечта идиота сбудется
 20268 | Depths:2 | DEFE: КБ пейна
 20268 | Depths:2 | ololoev: а меня тут прыгуны достали
 20268 | Depths:2 | ololoev: MR дофига
 20268 | Depths:2 | ololoev: от деззлинга уворачиваются
 20268 | Depths:2 | ololoev: бегают быстро, как и я
 20268 | Depths:2 | DEFE: ага
 20268 | Depths:2 | DEFE: достают всегда
 20292 | Depths:2 | DEFE: еще аирстрайк
 20294 | Depths:2 | DEFE: и саммоны
 21571 | Depths:1 | Noticed a storm dragon
 21862 | Depths:2 | Reached skill level 1 in Fighting
 22020 | Depths:2 | namelastname112: ебать тебе весело
 22027 | Depths:2 | ololoev: да вообще ппц
 22027 | Depths:2 | ololoev: все бьют
 22047 | Depths:3 | namelastname112: ммм
 22051 | Depths:3 | namelastname112: какой хороший этаж
 22051 | Depths:3 | ololoev: тут вообще кристал гардиан
 22051 | Depths:3 | ololoev: я хз что с ним можно сделать
 22054 | Depths:2 | namelastname112: он тут не один
 22082 | Depths:2 | namelastname112: ммм
 22082 | Depths:2 | namelastname112: а он джаент?
 22082 | Depths:2 | namelastname112: или лардж
 22082 | Depths:2 | ololoev: прыгун эир мейдж тоже мешается
 22181 | Depths:1 | namelastname112: спригганы блайндятся на отлично
 22183 | Depths:1 | namelastname112: кроме аир магов
 22203 | Depths:1 | namelastname112: по ним не попадешь тупо
 22230 | Depths:1 | namelastname112: робы архимага не завезли?
 22264 | Depths:1 | ololoev: нет
 22415 | Depths:1 | namelastname112: шторма слепанул бы лучше
 22434 | Depths:1 | namelastname112: у него хд не оч вроде
 22475 | Depths:1 | namelastname112: 14
 22487 | Depths:1 | Killed a storm dragon
 22827 | Depths:3 | namelastname112: ох уж эти шарды
 22827 | Depths:3 | ololoev: черт
 22827 | Depths:3 | namelastname112: он лардж?
 22827 | Depths:3 | namelastname112: или гигант
 22827 | Depths:3 | namelastname112: можно сеточкой
 22827 | Depths:3 | namelastname112: только их тут дохуя
 22862 | Depths:3 | namelastname112: сетки это читерство
 22895 | Depths:3 | namelastname112: по сути
 22895 | Depths:3 | namelastname112: сеткой можно даже лома убить
 22895 | Depths:3 | ololoev: чет у сеток дикий стаб
 22895 | Depths:3 | ololoev: я думал у них будет как с конфузом
 22895 | Depths:3 | ololoev: 10 раз тыкнул, 1 раз стабнул
 22950 | Depths:3 | Noticed Frederick
 22956 | Depths:3 | Killed Frederick
 22956 | Depths:3 | Reached skill level 15 in Stealth
 23008 | Depths:3 | ololoev: шары емана
 23008 | Depths:3 | ololoev: они же весь этаж разбудят
 23053 | Depths:3 | DEFE: так у тебя дарта нет?
 23055 | Depths:3 | namelastname112: stab bonus[1/1]: (lower is better): sleeping/paralysed = 1, netted/webbed/petrifying/petrified = 2, invisible/confused/fleeing/ally = 4, distracted = 6
 23055 | Depths:3 | DEFE: или еще чего
 23055 | Depths:3 | DEFE: шар сломать
 23055 | Depths:3 | ololoev: так он взорвется же
 23055 | Depths:3 | ololoev: я шума боюсь
 23055 | Depths:3 | ololoev: а не электричества
 23087 | Depths:3 | namelastname112: это ублюдский этаж
 23091 | Depths:3 | namelastname112: море шифтеров
 23156 | Depths:3 | namelastname112: элементалей
 23161 | Depths:3 | namelastname112: нон-ливинг хуйни
 23226 | Depths:3 | namelastname112: и пушки танцующие
 23304 | Depths:3 | namelastname112: но тут обычно лутешник норм
 23304 | Depths:3 | ololoev: о
 23304 | Depths:3 | ololoev: уменя же дека саммонинга
 23304 | Depths:3 | namelastname112: даггер бы проверил
 23304 | Depths:3 | ololoev: чет я туплю
 23304 | Depths:3 | namelastname112: вдруг элек
 23306 | Depths:3 | ololoev: так был уже элек
 23306 | Depths:3 | ololoev: где-то
 23306 | Depths:3 | namelastname112: так носил бы
 23306 | Depths:3 | ololoev: а не, не было
 23318 | Depths:3 | namelastname112: ну тоже норм
 23320 | Depths:3 | namelastname112: против ливингов
 23808 | Depths:3 | Noticed a shadow dragon
 23814 | Depths:3 | Noticed a quicksilver dragon
 23814 | Depths:3 | a shadow dragon changed into a quicksilver dragon
 23815 | Depths:3 | a quicksilver dragon changed into a stone giant
 23816 | Depths:3 | Noticed a fire giant
 23816 | Depths:3 | a stone giant changed into a fire giant
 23817 | Depths:3 | a fire giant changed into an apis
 24342 | Depths:3 | Noticed a fire giant
 24355 | Depths:3 | a fire giant changed into an alligator snapping turtle
 24364 | Depths:3 | Noticed a shadow dragon
 24364 | Depths:3 | an alligator snapping turtle changed into a shadow dragon
 24748 | Depths:3 | Reached XP level 16. HP: 72/72 MP: 0/34
 25346 | Depths:3 | namelastname112: хуево без инвиза
 25374 | Depths:2 | namelastname112: алсо на заметку
 25378 | Depths:2 | namelastname112: нонливингу похуй на блайнд
 25404 | Depths:2 | ololoev: я для дамага
 25883 | Depths:3 | namelastname112: тебе бы дарт выучить
 26287 | Depths:3 | ololoev: эх
 26287 | Depths:3 | ololoev: кончились сетки
 27413 | Depths:3 | jacquesderrida: так так так что тут у нас МЕМЕСЫ ахахаха ну наканецта
 27450 | Depths:3 | Reached skill level 15 in Short Blades
 29393 | Depths:3 | Learned a level 5 spell: Summon Mana Viper
 30696 | Depths:3 | Learned a level 3 spell: Regeneration
 30701 | Depths:3 | Identified Sif Muna's Compendium of the Boosting Compass (You found it on level 3 of the Depths)
 30706 | Depths:3 | Learned a level 2 spell: Blink
 31471 | Depths:4 | Reached skill level 10 in Invocations
 31653 | Depths:4 | Noticed a tengu reaver
 31796 | Depths:4 | Killed a tengu reaver
 32030 | Depths:4 | Gained mutation: Your mind is acute. (Int +2) [potion of beneficial mutation]
 32036 | Depths:4 | Noticed a sphinx
 32050 | Depths:4 | Killed a sphinx
 32468 | Depths:4 | Reached XP level 17. HP: 76/79 MP: 5/35
 32675 | Depths:4 | jacquesderrida: сука бля
 32675 | Depths:4 | jacquesderrida: решено
 32689 | Depths:4 | jacquesderrida: я тоже попробую дупз пройти
 32694 | Depths:4 | jacquesderrida: эхехехехе
 32757 | Depths:4 | ololoev: так все руплеерзы подсели на дупз/духз
 32849 | Depths:4 | Noticed a tentacled monstrosity
 32880 | Depths:4 | Killed a tentacled monstrosity
 33006 | Depths:4 | Reached skill level 5 in Fighting
 33647 | Depths:5 | Entered Level 5 of the Depths
 33659 | Depths:5 | Reached skill level 15 in Dodging
 34083 | Depths:5 | Found Jodaango's Assorted Antiques.
 34091 | Depths:5 | Bought a scroll labeled FACU BUFRUPHE for 39 gold pieces
 34091 | Depths:5 | Bought a scroll of identify for 78 gold pieces
 34091 | Depths:5 | Bought a scroll labeled IXZUNY MYENUQA for 39 gold pieces
 34091 | Depths:5 | Bought a scroll labeled SUKUUV HORPHAT for 39 gold pieces
 34091 | Depths:5 | Bought a scroll of teleportation for 117 gold pieces
 34121 | Depths:5 | Noticed a juggernaut
 34152 | Depths:5 | Noticed a quicksilver dragon
 34300 | Depths:5 | Killed a quicksilver dragon
 34392 | Depths:5 | DEFE: ага
 34435 | Depths:5 | Noticed a golden dragon
 34526 | Depths:1 | DEFE: А зачем доместосу инво?
 34526 | Depths:1 | ololoev: для абилок
 34663 | Depths:5 | Killed a juggernaut
 34663 | Depths:5 | Reached skill level 1 in Shields
 34663 | Depths:5 | Reached skill level 1 in Charms
 34663 | Depths:5 | Reached skill level 1 in Translocations
 34808 | Depths:5 | Found a runed door.
 34962 | Depths:5 | Found a runed door.
 34970 | Depths:5 | Found a gate to the Realm of Zot.
 34980 | Depths:5 | Noticed a quicksilver dragon
 34983 | Depths:5 | Noticed a golden dragon
 34996 | Depths:5 | Found a runed door.
 35004 | Depths:5 | DEFE: Тут какой-то маяк
 35006 | Depths:5 | DEFE: для теле
 35006 | Depths:5 | DEFE: у этой лужи
 35006 | Depths:5 | ololoev: походу)
 35720 | Depths:5 | Reached XP level 18. HP: 87/87 MP: 9/37
 36316 | Depths:5 | Reached skill level 5 in Charms
 36320 | Depths:5 | Reached skill level 5 in Translocations
 36533 | Depths:5 | Got a translucent hat
 36557 | Depths:5 | Identified the +0 hat of the Bruised Moons {MP+9} (You acquired it on level 5 of the Depths)
 36611 | Depths:5 | DEFE: лол
 36644 | Depths:5 | ololoev: bruised moons оригинальное название
 36709 | Depths:5 | Reached skill level 15 in Spellcasting
 36859 | Depths:1 | ololoev: короче пошел я развлекаться
 36860 | Pan      | Entered Pandemonium
 36861 | Pan      | DEFE: 88 hp
 36871 | Pan      | Gained mutation: Your body sometimes deteriorates upon taking damage. [a neqoxec]
 37195 | Pan      | Noticed Ashras the pandemonium lord
 37196 | Pan      | DEFE: айсдивилы
 37209 | Pan      | DEFE: словно сошли с обложки фантастических книг восьмидесятых
 37252 | Pan      | ololoev: вот что меня напрягает
 37252 | Pan      | ololoev: апорта нет
 37252 | Pan      | DEFE: ага
 37252 | Pan      | DEFE: беда
 37253 | Pan      | Entered the realm of Gloorx Vloq.
 37254 | Pan      | DEFE: может найдешь
 37256 | Pan      | DEFE: а ты в зиг не набегал?
 37257 | Pan      | ololoev: рун же нет
 37268 | Pan      | DEFE: а
 37268 | Pan      | DEFE: точно
 37270 | Pan      | DEFE: я забываю
 37297 | Pan      | DEFE: ну осбственно
 37299 | Pan      | DEFE: не осилишь
 37305 | Pan      | DEFE: этот этаж
 37315 | Pan      | DEFE: +2 даггер оф спид
 37321 | Pan      | DEFE: хоть бы потабать взял что
 37323 | Pan      | DEFE: с соблой
 37377 | Pan      | Noticed Gloorx Vloq
 37385 | Pan      | DEFE: а нужно все 5 рун
 37387 | Pan      | Got a dark rune of Zot
 37390 | Pan      | ololoev: нет, 3
 37399 | Pan      | DEFE: правила проще
 37402 | Pan      | DEFE: чем у духз
 37405 | Pan      | DEFE: молодца
 37433 | Pan      | DEFE: реген ситай
 37442 | Pan      | DEFE: же
 37687 | Pan      | DEFE: даже тир-2 опасен
 37764 | Pan      | Found an exit through the horrors of the Abyss.
 37799 | Pan      | Noticed Mime the pandemonium lord
 37806 | Pan      | DEFE: это типа рэмбо-прыжок?
 37812 | Pan      | Entered the realm of Cerebov.
 37813 | Pan      | ololoev: фух
 37813 | Pan      | ololoev: повезло
 37837 | Pan      | Killed from afar by a balrug

Dungeon Overview and Level Annotations

Branches:
Dungeon (15/15)            Temple (1/1) D:7            Lair (0/8) D:8
    Orc (0/2) D:9          Vaults (0/5) D:14         Depths (5/5) D:15
    Zot (0/5) Depths:5

Altars:
Ashenzari
Cheibriados
Dithmenos
Elyvilon
Fedhas
Gozag
Hepliaklqana
Kikubaaqudgha
Makhleb
Nemelex Xobeh
Okawaru
Pakellas
Qazlal
Ru
Sif Muna
Trog
Ukayaw
Vehumet
Xom
Yredelemnul
Zin
The Shining One
Lugonu

Shops:
D:10 (   D:13 *   D:14 =   Depths:5 *

Portals:
Hell: Depths:1 Depths:2 Depths:3 Depths:4 Depths:5
Abyss: Depths:2 Depths:4
Pandemonium: Depths:1
Ziggurat: Depths:2

Annotations:
Depths:1 1 runed door
Depths:3 exclusion: 3 obsidian statues
Depths:5 3 runed doors


Message History

You step into the sun demon's shadow. 2 ynoxinuls, 2 chaos spawn and a reaper come into view.
The reaper is wielding a scythe of freezing.
Found a gate leading to another region of Pandemonium.
The helpless sun demon fails to defend itself.
You stick the sun demon like a pincushion!!!!!
You kill the sun demon!
Dithmenos accepts your kill.
Dithmenos appreciates your extinguishing a source of fire.
Your Charms skill increases to level 6!
Your phial of floods has recharged.
The sixfirhy closely misses you.
The chaos spawn hisses angrily.
You hit the chaos spawn but do no damage.
Your shadow closely misses the chaos spawn.
The chaos spawn howls!
The ynoxinul bellows! x2
The monstrous demonspawn shouts!
The sixfirhy closely misses you. The chaos spawn misses you.
The ynoxinul gestures.
The reaper moves out of view.
The chaos spawn screeches!
The neqoxec shouts!
Something whispers, "Quail, thou skyhacking flap-mouthed cross-patch!"
You hear a shout! x2
The sixfirhy completely misses you. x2
Found a scroll of remove curse.
Casting: Confuse
Confirm with . or Enter, or press ? or * to list all spells.
You blink.
A reaper and a black sun come into view.
The reaper is wielding a scythe of slicing.
The gelid black sun is wielding a demon blade of venom.
The reaper closely misses you.
The reaper whispers, "Time's up, ololoev!"
The reaper hits you from afar with a scythe of slicing!!
Found a gate leading to another region of Pandemonium.
Unknown command.
The reaper completely misses you.
The reaper hits you from afar with a scythe of slicing!!!
You emit a cloud of dark smoke.
Your body deteriorates!
You feel weakened.
There is a gate leading to another region of Pandemonium, spattered with blood here.
The reaper draws a finger across its throat.
The reaper completely misses you.
You pass into a different region of Pandemonium.
Searing heat pours from the floors and walls of this place.
The mighty Pandemonium lord Cerebov resides here.
He guards the fiery rune of Zot.
Casting: Blink
Confirm with . or Enter, or press ? or * to list all spells.
Your skin crawls.
Casting: Regeneration
Confirm with . or Enter, or press ? or * to list all spells.
You miscast Regeneration.
You are very lightly contaminated with residual magic.
You sense a malignant aura.
You start resting.
Your skin is crawling a little less now.
A balrug comes into view. It is wielding a demon whip of venom.
As you open the door, it creaks loudly!
You hear a shout!
There is an open door here.
You close the door.
You hear a distant "Zot"!
Your skin stops crawling.
A balrug opens the door.
You open the door.
There is an open door here.
You close the door.
Casting: Regeneration
Confirm with . or Enter, or press ? or * to list all spells.
Your skin crawls.
A balrug opens the door.
Casting: Regeneration
Confirm with . or Enter, or press ? or * to list all spells.
Aiming: Confuse
Press: ? - help, Shift-Dir - straight line, f - balrug
Aim: a balrug, wielding a demon whip of venom (umbra, chance to defeat MR: 0%)
Okay, then.
The balrug gestures at you. Something smites you!
Your skin is crawling a little less now.
The balrug gestures at you.
The fireball explodes!
The fireball engulfs you!
You die...

You could see a balrug.

Vanquished Creatures
  A juggernaut (Depths:5)
  Frederick (Depths:3)
  A tentacled monstrosity (Depths:4)
  A quicksilver dragon (Depths:5)
  Frances (D:14)
  An Executioner (Pan)
  3 storm dragons
  4 fire giants
  Kirke (D:14)
  A draconian monk (Depths:5)
  4 tengu reavers
  A shadow dragon (Depths:4)
  An iron dragon (Depths:4)
  A ghost moth (shapeshifter) (Depths:4)
  3 frost giants
  4 war gargoyles (Depths:3)
  A juggernaut skeleton (Depths:2)
  9 stone giants
  A vampire knight (Depths:5)
  16 very ugly things
  A salamander stormcaller (Depths:3)
  3 mottled draconians (Depths:5)
  Azrael (D:14)
  3 red draconians (Depths:5)
  4 spark wasps (Depths:1)
  A purple draconian (Depths:5)
  A black draconian (Depths:5)
  Snorg (D:12)
  A blizzard demon (Depths:3)
  5 fire dragons
  13 crystal guardians
  3 ettins
  3 great orbs of eyes
  5 ogre magi
  A deep elf high priest (Depths:4)
  4 yaktaur captains
  A fire dragon (shapeshifter) (Depths:3)
  13 ice dragons
  2 rakshasas
  The ghost of ololoev the Jinx, a journeyman SpEn of Dithmenos (D:14)
  2 hydras
  5 centaur warriors
  2 spriggan air magi
  16 dancing weapons (Depths:3)
  6 deep troll shamans
  2 tengu warriors
  11 deep troll earth magi
  A shock serpent (Depths:3)
  Sonja (D:14)
  7 hell knights (Depths:5)
  2 sun demons (Pan)
  2 spriggans (Depths:2)
  A skeletal warrior (Depths:2)
  A spriggan berserker (Depths:1)
  An iron troll (Depths:1)
  A fire crab (shapeshifter) (Depths:3)
  A wizard (Depths:1)
  2 infernal demonspawn (Pan)
  23 deep trolls
  A giant orange brain (shapeshifter) (Depths:3)
  2 shadow wraiths (Pan)
  3 unseen horrors (shapeshifter)
  2 flayed ghosts
  A shadow demon (Pan)
  3 giant orange brains
  3 unseen horrors
  6 hill giants
  A hill giant (shapeshifter) (Depths:3)
  An anubis guard (shapeshifter) (Depths:3)
  A necromancer (Depths:5)
  10 ugly things
  2 cyclopes
  A hornet (shapeshifter) (Depths:5)
  A wolf spider (shapeshifter) (Depths:3)
  3 slime creatures (Depths:1)
  A salamander (shapeshifter) (D:15)
  A cyclops (shapeshifter) (Depths:1)
  4 manticores
  A sixfirhy (Pan)
  The ghost of no0bjke the Ruffian, a novice TrMo (D:3)
  A water nymph (shapeshifter) (Depths:4)
  2 rust devils (Pan)
  Joseph (D:8)
  An octopode (shapeshifter) (Depths:3)
  3 molten gargoyles (Depths:3)
  2 gargoyles (Depths:3)
  4 kobold demonologists (D:14)
  3 centaur skeletons
  3 smoke demons (Pan)
  A komodo dragon (shapeshifter) (D:14)
  A dire elephant skeleton (Pan)
  A freezing wraith (D:15)
  13 yaktaurs
  2 tengu conjurers
  A hellwing (Pan)
  The ghost of Yermak the Cudgeler, an amateur OgAE of Kikubaaqudgha (D:5)
  A queen bee (shapeshifter) (Depths:3)
  A merfolk (shapeshifter) (Depths:3)
  A jumping spider (shapeshifter) (D:14)
  5 trolls
  4 wind drakes (Depths:3)
  4 two-headed ogres
  Prince Ribbit (D:8)
  2 spriggans (shapeshifter)
  4 shadows (D:13)
  9 water elementals
  Sigmund (D:2)
  11 air elementals
  21 yaks
  2 redbacks (shapeshifter)
  3 wyverns
  2 ynoxinuls (Pan)
  A vampire (D:13)
  A hippogriff (shapeshifter) (Depths:3)
  6 hogs (D:14)
  10 fire elementals
  A hippogriff (D:15)
  2 basilisks
  A neqoxec (Pan)
  A steam dragon (D:11)
  4 vampire mosquitoes
  A swamp worm (shapeshifter) (Depths:3)
  3 insubstantial wisps (Depths:3)
  4 mottled dragons
  2 water moccasins
  A soldier ant (D:13)
  A soldier ant (shapeshifter) (Depths:3)
  2 giant eyeballs (Depths:4)
  4 hell hounds (D:14)
  Duvessa (D:6)
  2 sky beasts
  A swamp drake (shapeshifter) (Depths:3)
  2 wasps (Depths:2)
  An ice beast (D:8)
  5 orc warriors
  An eye of draining (D:14)
  2 phantoms
  2 black bears
  4 black bears (shapeshifter) (Depths:3)
  4 boggarts
  A centaur (shapeshifter) (Depths:3)
  28 ogres
  A necrophage (D:8)
  2 crocodiles (D:8)
  19 centaurs
  7 big kobolds
  5 giant frogs
  5 gnoll sergeants (D:9)
  Dowan (D:6)
  2 wyvern zombies
  7 earth elementals (Depths:3)
  A wyvern skeleton (D:14)
  3 scorpions
  6 killer bees
  3 wights (D:11)
  6 howler monkeys
  An electric eel (D:9)
  9 crimson imps
  2 giant frog zombies
  A quasit (D:10)
  4 centaur zombies
  8 hounds
  4 orc priests
  2 jellies (D:12)
  7 orc wizards
  An iron imp (Depths:2)
  2 iguanas (D:8)
  8 worker ants
  A hound zombie (D:3)
  3 hound skeletons
  A howler monkey zombie (D:9)
  A worker ant zombie (D:11)
  2 gnolls (D:9)
  A howler monkey skeleton (D:4)
  13 adders
  3 shadow imps (D:5)
  2 oozes
  A worm (D:2)
  5 ball lightnings (Depths:3)
  4 dart slugs
  7 giant geckos
  40 orcs
  4 giant cockroaches
  7 goblins
  10 hobgoblins
  15 jackals
  5 quokkas
  3 ball pythons
  27 bats
  2 giant gecko skeletons
  A giant gecko zombie (D:6)
  6 giant newts
  18 kobolds
  A quokka skeleton (D:8)
  9 rats
779 creatures vanquished.

Vanquished Creatures (collateral kills)
  A sphinx (Depths:4)
  A dancing weapon (Depths:2)
  An obsidian statue (Depths:3)
  4 ogres (Depths:2)
7 creatures vanquished.

Vanquished Creatures (others)
  A very ugly thing (Depths:3)
  A wizard (Depths:4)
  2 water elementals (Depths:3)
  5 ball lightnings (Depths:3)
  3 kobolds (D:14)
12 creatures vanquished.

Grand Total: 798 creatures vanquished

Action                   |  1- 3 |  4- 6 |  7- 9 | 10-12 | 13-15 | 16-18 || total
-------------------------+-------+-------+-------+-------+-------+-------++-------
Melee: Dagger            |    96 |   241 |   304 |   441 |   650 |   626 ||  2358
Throw: Throwing net      |       |       |       |       |     4 |     2 ||     6
 Cast: Ensorcelled Hiber |    11 |    20 |    72 |   134 |   144 |   143 ||   524
       Confuse           |     1 |     3 |    21 |    43 |   154 |   173 ||   395
       Dazzling Spray    |       |       |       |    20 |   151 |   400 ||   571
       Tukima's Dance    |       |       |       |       |     1 |       ||     1
       Summon Mana Viper |       |       |       |       |       |     9 ||     9
       Regeneration      |       |       |       |       |       |     6 ||     6
       Blink             |       |       |       |       |       |     2 ||     2
Invok: Shadow Step       |       |       |       |     3 |     9 |    14 ||    26
 Abil: Evoke Flight      |       |       |       |       |     2 |     1 ||     3
       Stop Flying       |       |       |       |       |     1 |       ||     1
Evoke: Wand              |       |       |       |       |     9 |    11 ||    20
       Phial of floods   |       |       |       |       |     1 |     3 ||     4
       Deck              |       |       |       |       |       |     6 ||     6
  Use: Scroll            |       |       |       |    14 |    20 |    14 ||    48
       Potion            |       |       |       |       |     7 |     5 ||    12
 Stab: Sleeping          |    18 |    29 |    58 |   121 |   129 |    94 ||   449
       Distracted        |     1 |     1 |     1 |     3 |       |     3 ||     9
       Confused          |       |     1 |    21 |    27 |    68 |    86 ||   203
       Invisible         |       |       |       |     9 |    10 |    13 ||    32
       Held in net/web   |       |       |       |       |     5 |     2 ||     7
  Eat: Bread ration      |       |     1 |       |       |     2 |     2 ||     5
       Pizza             |       |       |     2 |     3 |     1 |     1 ||     7
       Royal jelly       |       |       |       |     2 |     1 |     1 ||     4
Armor: Robe              |    14 |    27 |    24 |    15 |     4 |       ||    84
       Troll leather arm |       |       |       |       |    10 |    30 ||    40
Dodge: Dodged            |    53 |   225 |   350 |   595 |   534 |   675 ||  2432
       Deflected         |       |       |       |       |    10 |    16 ||    26
Block: Buckler           |       |       |       |       |       |    42 ||    42

Vault maps used:
D:1:      kb_arrival_jail
D:2:      uniq_sigmund
D:3:      first_bread
D:4:      corexii_corridor_pit
D:5:      nicolae_overflow_crystal_walls, basic_altar, makhleb_altar_promises_db
D:6:      uniq_duvessa
D:7:      minmay_temple_entry_hall, minivault_1
D:8:      elyvilon_altar_5, grunt_lair_entry_orc_guard_hut, uniq_joseph,
          uniq_prince_ribbit1
D:9:      gammafunk_temple_overflow_statue,
          kennysheep_orc_monster_closet_entryway, grunt_ogre_cave,
          nicolae_water_bricks
D:10:     serial_shops, shop
D:12:     uniq_snorg
D:13:     four-leaf_vault, serial_shops, shop
D:14:     david_vaults_2, serial_shops, shop_coins, uniq_frances, uniq_sonja,
          uniq_kirke, uniq_azrael
D:15:     grunt_enter_depths_hoard, hangedman_decor_lopped
Temple:   kilobyte_greek_temple_18
Depths:1: roderic_roman_lattice, hell_entry, pan_entry, minmay_hidden_floor
Depths:2: minmay_skeletal_surprise, enter_ziggurat_b, grunt_hell_entry_dis_old,
          dk_noncrumbling_2, serial_shops, bzr_entry_road,
          abyss_entry_flame_altar
Depths:3: radiant_caverns_a_rkd, hell_entry, pan_entry, uniq_frederick
Depths:4: hangedman_stitches_corridor, hell_entry, serial_bayou_pond_c,
          abyss_entry
Depths:5: evilmike_zot_entry_castle, minivault_14, hangedman_coc_ice_floe,
          serial_shops, shop_statue
Pan:      evilmike_mini_pan_doors_b, pan_blood_fountain, rand_demon_9,
          rand_demon_8, pan_captured_pigsty, nicolae_pan_gloorx_vloqian_2,
          rand_demon_5, pan_blood_fountain, nicolae_pan_cerebovesque_4,
          gloorx_vloq_st, reaverb_pan_squares, lemuel_hall_of_pain,
          evilmike_mini_pan_T, rand_demon_5, nicolae_pan_hourglass,
          nicolae_pan_cerebovesque_3, evilmike_cerebov_lava,
          pan_blood_fountain_small
Bazaar:   dpeg_bazaar_wands
